[ AOE2 MATCH · #506454783 ]
UnrankedLithuanians vs Spanish
Rival team · LOSS
[ REPLAY ANALYSIS · EXTRACTED FROM THE RECORDED GAME ]
Feudal
8:32
Castle
21:23
Imperial
36:52
| APM avg | 71.6 |
| APM peak | 117 |
| eAPM avg | 33.4 |
| Villagers / military | 165 / 324 |
Focus
⚔️ 44.7% · 🌾 55.3%
Spearman ×135 · Cavalry Archer ×127 · Scout Cavalry ×32 · Archer ×14 · Trebuchet (Packed) ×6 · Monk ×5
Feudal
8:51
Castle
20:28
Imperial
39:28
| APM avg | 55.4 |
| APM peak | 114 |
| eAPM avg | 32.5 |
| Villagers / military | 206 / 274 |
Focus
⚔️ 44.7% · 🌾 55.3%
Knight ×176 · Skirmisher ×83 · Scout Cavalry ×5 · Missionary ×4 · Trebuchet (Packed) ×4 · Monk ×1
Match map
Initial resources + every placement click. Lines = walls · curves = elevation contours. ◆ gold · ⬟ stone · ● berries · ✦ relic · ◌ wall gap
Your base· ✓ Closed at 21:23 · 44t walls · 1 gate(s)
m4rco's base· Open — opponent sealed themselves in
Smoothed initial terrain · ◌ = detected wall gap · hover for details
Inputs per minute
— PUB | Steak - - m4rco
Build order — PUB | Steak
First 150 of 697 actions detected
| 0:01 | Create | Villager (Male) |
| 0:01 | Create | Villager (Male) |
| 0:02 | Create | Villager (Male) |
| 0:02 | Build | House |
| 0:03 | Build | House |
| 0:10 | Create | Villager (Male) |
| 0:20 | Create | Villager (Male) |
| 0:21 | Create | Villager (Male) |
| 1:20 | Create | Villager (Male) |
| 1:50 | Create | Villager (Male) |
| 2:20 | Create | Villager (Male) |
| 3:02 | Build | Lumber Camp |
| 3:13 | Create | Villager (Male) |
| 3:13 | Create | Villager (Male) |
| 3:28 | Create | Villager (Male) |
| 3:48 | Build | House |
| 3:58 | Create | Villager (Male) |
| 3:59 | Create | Villager (Male) |
| 4:51 | Create | Villager (Male) |
| 4:58 | Build | Barracks |
| 5:17 | Create | Villager (Male) |
| 5:25 | Build | Palisade Wall |
| 5:42 | Research | Loom |
| 6:22 | Research | Feudal Age |
| 6:26 | Build | Mining Camp |
| 6:45 | Create | Militia |
| 7:03 | Create | Militia |
| 7:16 | Create | Militia |
| 7:23 | Build | House |
| 8:02 | Build | House |
| 8:16 | Create | Villager (Male) |
| 8:32 | Age | Feudal Age |
| 8:33 | Research | Man-at-Arms (upgrade) |
| 8:51 | Create | Villager (Male) |
| 8:53 | Build | House |
| 8:54 | Build | House |
| 9:14 | Create | Spearman |
| 9:21 | Create | Villager (Male) |
| 9:24 | Build | Palisade Wall |
| 9:41 | Build | Mill |
| 9:47 | Build | Palisade Wall |
| 9:52 | Create | Villager (Male) |
| 10:07 | Create | Villager (Male) |
| 10:36 | Create | Villager (Male) |
| 10:56 | Build | Palisade Wall |
| 11:00 | Create | Villager (Male) |
| 11:04 | Build | Farm |
| 11:04 | Build | Farm |
| 11:04 | Build | Farm |
| 11:05 | Build | Farm |
| 11:05 | Build | Farm |
| 11:28 | Build | House |
| 11:38 | Create | Villager (Male) |
| 11:39 | Build | Farm |
| 11:59 | Create | Villager (Male) |
| 12:09 | Build | Farm |
| 12:27 | Create | Villager (Male) |
| 12:53 | Create | Villager (Male) |
| 13:05 | Build | Archery Range |
| 13:06 | Create | Villager (Male) |
| 13:14 | Research | Double-Bit Axe |
| 13:14 | Research | Double-Bit Axe |
| 13:26 | Create | Villager (Male) |
| 13:51 | Create | Villager (Male) |
| 13:53 | Create | Archer |
| 13:54 | Create | Archer |
| 14:11 | Create | Villager (Male) |
| 14:26 | Create | Villager (Male) |
| 14:35 | Create | Archer |
| 14:36 | Build | Farm |
| 14:45 | Create | Villager (Male) |
| 14:48 | Build | Farm |
| 14:54 | Create | Archer |
| 15:01 | Build | House |
| 15:02 | Build | House |
| 15:08 | Create | Villager (Male) |
| 15:21 | Create | Villager (Male) |
| 15:23 | Build | Farm |
| 15:25 | Build | Farm |
| 15:27 | Build | Farm |
| 15:50 | Create | Villager (Male) |
| 15:51 | Create | Archer |
| 16:02 | Build | House |
| 16:15 | Create | Villager (Male) |
| 16:16 | Create | Archer |
| 16:18 | Build | Farm |
| 16:31 | Create | Spearman |
| 16:31 | Create | Spearman |
| 16:33 | Create | Archer |
| 16:52 | Build | Blacksmith |
| 16:52 | Create | Villager (Male) |
| 16:53 | Build | Farm |
| 16:55 | Build | Farm |
| 16:56 | Build | Farm |
| 17:03 | Build | Palisade Gate |
| 17:08 | Build | Palisade Gate |
| 17:09 | Build | Palisade Wall |
| 17:18 | Create | Villager (Male) |
| 17:35 | Build | House |
| 17:35 | Build | House |
| 17:39 | Research | Fletching |
| 17:39 | Create | Villager (Male) |
| 17:41 | Build | Farm |
| 17:45 | Build | Farm |
| 18:10 | Build | Lumber Camp |
| 18:17 | Create | Villager (Male) |
| 18:37 | Create | Archer |
| 18:42 | Research | Castle Age |
| 19:02 | Build | Archery Range |
| 19:36 | Create | Archer |
| 20:01 | Research | Horse Collar |
| 20:05 | Create | Archer |
| 20:05 | Create | Archer |
| 20:11 | Build | Lumber Camp |
| 20:26 | Build | House |
| 20:27 | Build | House |
| 20:28 | Build | House |
| 20:35 | Create | Archer |
| 21:08 | Create | Archer |
| 21:08 | Create | Archer |
| 21:12 | Build | Farm |
| 21:23 | Age | Castle Age |
| 21:24 | Research | Crossbowman (upgrade) |
| 21:29 | Create | Villager (Male) |
| 21:30 | Create | Villager (Male) |
| 21:32 | Build | Town Center |
| 21:37 | Research | Bodkin Arrow |
| 21:39 | Research | Padded Archer Armor |
| 21:39 | Research | Padded Archer Armor |
| 21:40 | Research | Bow Saw |
| 21:44 | Create | Villager (Male) |
| 22:06 | Create | Cavalry Archer |
| 22:06 | Create | Cavalry Archer |
| 22:09 | Create | Villager (Male) |
| 22:10 | Build | Farm |
| 22:32 | Create | Villager (Male) |
| 22:37 | Create | Cavalry Archer |
| 22:37 | Create | Cavalry Archer |
| 23:10 | Create | Villager (Male) |
| 23:13 | Create | Cavalry Archer |
| 23:14 | Create | Cavalry Archer |
| 23:18 | Build | Archery Range |
| 23:20 | Create | Villager (Male) |
| 23:20 | Create | Villager (Male) |
| 23:22 | Create | Villager (Male) |
| 23:22 | Create | Villager (Male) |
| 23:22 | Create | Villager (Male) |
| 23:38 | Build | Town Center |
| 24:08 | Create | Villager (Male) |
| 24:11 | Build | Stable |
Build order — m4rco
First 150 of 603 actions detected
| 0:00 | Create | Villager (Male) |
| 0:01 | Create | Villager (Male) |
| 0:01 | Create | Villager (Male) |
| 0:02 | Build | House |
| 0:04 | Build | House |
| 0:06 | Build | House |
| 0:09 | Create | Villager (Male) |
| 1:27 | Create | Villager (Male) |
| 1:58 | Create | Villager (Male) |
| 2:12 | Build | Lumber Camp |
| 2:23 | Create | Villager (Male) |
| 2:23 | Create | Villager (Male) |
| 3:06 | Create | Villager (Male) |
| 3:08 | Create | Villager (Male) |
| 3:39 | Create | Villager (Male) |
| 4:19 | Build | Mill |
| 4:26 | Create | Villager (Male) |
| 4:45 | Create | Villager (Male) |
| 5:11 | Create | Villager (Male) |
| 5:29 | Create | Villager (Male) |
| 5:29 | Research | Loom |
| 6:35 | Research | Feudal Age |
| 6:51 | Build | Lumber Camp |
| 7:07 | Build | House |
| 7:53 | Build | Barracks |
| 8:05 | Create | Villager (Male) |
| 8:45 | Build | Palisade Wall |
| 8:45 | Build | Palisade Wall |
| 8:47 | Build | Palisade Wall |
| 8:48 | Build | Palisade Wall |
| 8:51 | Age | Feudal Age |
| 8:54 | Build | Stable |
| 8:55 | Create | Villager (Male) |
| 9:02 | Research | Double-Bit Axe |
| 9:23 | Build | House |
| 9:26 | Build | Palisade Wall |
| 9:28 | Build | Palisade Wall |
| 9:31 | Build | Palisade Wall |
| 9:33 | Build | Palisade Wall |
| 9:34 | Create | Scout Cavalry |
| 9:42 | Create | Villager (Male) |
| 9:46 | Build | House |
| 9:55 | Create | Scout Cavalry |
| 9:57 | Create | Spearman |
| 10:07 | Build | Farm |
| 10:09 | Build | Farm |
| 10:10 | Create | Villager (Male) |
| 10:22 | Create | Villager (Male) |
| 10:25 | Build | Farm |
| 10:32 | Build | Palisade Wall |
| 10:33 | Build | Palisade Wall |
| 10:38 | Build | Farm |
| 10:38 | Create | Villager (Male) |
| 10:49 | Build | Palisade Wall |
| 10:54 | Build | House |
| 10:59 | Create | Scout Cavalry |
| 11:07 | Build | Farm |
| 11:12 | Create | Villager (Male) |
| 11:26 | Create | Villager (Male) |
| 11:42 | Create | Villager (Male) |
| 11:53 | Create | Villager (Male) |
| 11:56 | Build | Archery Range |
| 12:16 | Create | Villager (Male) |
| 12:24 | Build | Farm |
| 12:35 | Build | House |
| 12:49 | Build | Mining Camp |
| 12:53 | Build | Palisade Wall |
| 12:53 | Create | Villager (Male) |
| 13:03 | Create | Villager (Male) |
| 13:05 | Build | Farm |
| 13:16 | Build | Farm |
| 13:20 | Create | Villager (Male) |
| 13:29 | Build | Palisade Wall |
| 13:33 | Create | Villager (Male) |
| 13:41 | Build | Palisade Wall |
| 13:43 | Build | Palisade Wall |
| 13:46 | Create | Villager (Male) |
| 13:55 | Create | Villager (Male) |
| 13:58 | Build | Farm |
| 14:00 | Build | Farm |
| 14:07 | Create | Villager (Male) |
| 14:20 | Create | Villager (Male) |
| 14:28 | Build | House |
| 14:34 | Create | Villager (Male) |
| 14:36 | Build | Farm |
| 14:37 | Build | Farm |
| 14:39 | Build | Blacksmith |
| 14:56 | Build | Farm |
| 14:57 | Create | Villager (Male) |
| 15:18 | Build | Farm |
| 15:35 | Build | Palisade Wall |
| 15:46 | Create | Villager (Male) |
| 15:48 | Build | Farm |
| 16:16 | Build | Farm |
| 16:17 | Build | Farm |
| 16:20 | Create | Villager (Male) |
| 16:35 | Create | Villager (Male) |
| 16:54 | Build | Farm |
| 16:58 | Build | Palisade Gate |
| 17:15 | Build | Palisade Wall |
| 17:18 | Build | Palisade Wall |
| 17:20 | Create | Villager (Male) |
| 17:26 | Build | Palisade Wall |
| 17:34 | Build | Farm |
| 17:48 | Research | Castle Age |
| 18:18 | Build | Stable |
| 18:23 | Research | Horse Collar |
| 18:42 | Create | Villager (Male) |
| 18:58 | Build | House |
| 19:01 | Build | House |
| 19:04 | Build | House |
| 19:07 | Create | Villager (Male) |
| 19:14 | Build | House |
| 19:44 | Create | Villager (Male) |
| 19:52 | Build | House |
| 19:54 | Build | House |
| 19:56 | Research | Bloodlines |
| 19:57 | Research | Scale Barding Armor |
| 19:57 | Research | Scale Barding Armor |
| 20:09 | Build | Farm |
| 20:24 | Build | Market |
| 20:28 | Age | Castle Age |
| 20:28 | Create | Villager (Male) |
| 20:29 | Create | Knight |
| 20:29 | Create | Knight |
| 20:29 | Create | Knight |
| 20:30 | Create | Knight |
| 20:46 | Research | Wheelbarrow |
| 20:48 | Create | Knight |
| 21:08 | Create | Villager (Male) |
| 21:20 | Build | Town Center |
| 21:38 | Build | Farm |
| 21:40 | Create | Villager (Male) |
| 21:57 | Create | Knight |
| 22:02 | Research | Chain Barding Armor |
| 22:10 | Create | Villager (Male) |
| 22:12 | Build | House |
| 22:21 | Create | Knight |
| 22:44 | Create | Villager (Male) |
| 22:56 | Create | Knight |
| 22:57 | Create | Villager (Male) |
| 23:04 | Create | Villager (Male) |
| 23:05 | Build | Farm |
| 23:06 | Build | Farm |
| 23:06 | Build | Farm |
| 23:06 | Build | Farm |
| 23:13 | Build | Monastery |
| 23:18 | Create | Villager (Male) |
| 23:24 | Create | Villager (Male) |
| 23:40 | Build | Town Center |
Match timeline
| 4:58 | PUB | Steak · first_building Barracks |
| 5:25 | PUB | Steak · wall_segment Palisade Wall x3 |
| 7:53 | m4rco · first_building Barracks |
| 8:32 | PUB | Steak · age_up feudal |
| 8:45 | m4rco · wall_segment Palisade Wall x1 |
| 8:45 | m4rco · wall_segment Palisade Wall x1 |
| 8:47 | m4rco · wall_segment Palisade Wall x1 |
| 8:48 | m4rco · wall_segment Palisade Wall x1 |
| 8:51 | m4rco · age_up feudal |
| 8:54 | m4rco · first_building Stable |
| 9:24 | PUB | Steak · wall_segment Palisade Wall x9 |
| 9:26 | m4rco · wall_segment Palisade Wall x1 |
| 9:28 | m4rco · wall_segment Palisade Wall x1 |
| 9:31 | m4rco · wall_segment Palisade Wall x1 |
| 9:33 | m4rco · wall_segment Palisade Wall x1 |
| 9:47 | PUB | Steak · wall_segment Palisade Wall x26 |
| 10:32 | m4rco · wall_segment Palisade Wall x1 |
| 10:33 | m4rco · wall_segment Palisade Wall x1 |
| 10:49 | m4rco · wall_segment Palisade Wall x1 |
| 10:56 | PUB | Steak · wall_segment Palisade Wall x5 |
| 11:56 | m4rco · first_building Archery Range |
| 12:53 | m4rco · wall_segment Palisade Wall x10 |
| 13:05 | PUB | Steak · first_building Archery Range |
| 13:29 | m4rco · wall_segment Palisade Wall x13 |
| 13:41 | m4rco · wall_segment Palisade Wall x7 |
| 13:43 | m4rco · wall_segment Palisade Wall x12 |
| 15:35 | m4rco · wall_segment Palisade Wall x5 |
| 17:09 | PUB | Steak · wall_segment Palisade Wall x1 |
| 17:15 | m4rco · wall_segment Palisade Wall x6 |
| 17:18 | m4rco · wall_segment Palisade Wall x7 |
| 17:26 | m4rco · wall_segment Palisade Wall x7 |
| 20:28 | m4rco · age_up castle |
| 21:23 | PUB | Steak · age_up castle |
| 22:16 | m4rco · first_market_sell 100 wood |
| 23:13 | m4rco · first_building Monastery |
| 24:11 | PUB | Steak · first_building Stable |
| 26:21 | PUB | Steak · first_building Monastery |
| 32:47 | m4rco · first_building Castle |
| 33:36 | PUB | Steak · first_market_sell 100 food |
| 34:19 | PUB | Steak · first_market_buy 100 wood |
| 34:54 | PUB | Steak · first_building Castle |
| 36:52 | PUB | Steak · age_up imperial |
| 39:28 | m4rco · age_up imperial |
| 39:40 | PUB | Steak · wall_segment Stone Wall x1 |
| 44:50 | PUB | Steak · wall_segment Stone Wall x21 |
| 46:46 | m4rco · first_market_buy 100 wood |
| 46:59 | PUB | Steak · wall_segment Stone Wall x9 |
| 47:02 | PUB | Steak · wall_segment Stone Wall x6 |
| 47:04 | PUB | Steak · wall_segment Stone Wall x10 |
| 53:19 | m4rco · resign |
[ AI ANALYSIS · 1 CREDIT ]
What really happened in this match?
Wolo.gg analyzes every decision: build order, eco, micro, common mistakes by bracket. Personalized analysis on WhatsApp or Discord in 30 seconds.
Civ guide
Lithuanians
Perfil
Jugador #230432